 Dungeon Crawl Stone Soup version 0.27-a0-1101-ge311f74bc8 (webtiles) character file.

Game seed: 1102261779545156895

961 night the Conjurer (level 7, -13/50 HPs)
             Began as a Demigod Conjurer on Apr 28, 2021.
             Mangled by Duvessa
             ... wielding a +0 rapier of speed
              (15 damage)
             ... on level 5 of the Dungeon.
             The game lasted 00:07:28 (4889 turns).

night the Conjurer (Demigod Conjurer)               Turns: 4889, Time: 00:07:29

Health: -13/50     AC:  2    Str:  8    XL:     7   Next: 60%
Magic:  9/16       EV: 12    Int: 28    God:
Gold:   233        SH:  0    Dex: 12    Spells: 3/14 levels left

rFire    . . .     SeeInvis .   c - +3 dagger (elec)
rCold    . . .     Faith    .   (no shield)
rNeg     . . .     Spirit   .   a - +0 robe
rPois    .         Reflect  .   (no helmet)
rElec    .         Harm     .   (no cloak)
rCorr    .         Rampage  .   (no gloves)
Will     .....                  (no boots)
Stlth    ++........             (no amulet)
HPRegen  0.16/turn              (no ring)
MPRegen  0.15/turn              (no ring)

@: flying
A: high mp 1, forlorn
a: no special abilities


You were on level 5 of the Dungeon.
You visited 1 branch of the dungeon, and saw 5 of its levels.

You collected 233 gold pieces.

Inventory:

Hand Weapons
 c - a +3 dagger of electrocution (weapon)
 d - a +0 hunting sling
 m - a +0 dagger of venom
Missiles
 b - 62 stones
 g - 4 javelins
 j - 52 arrows
 k - 24 poisoned darts
Armour
 a - a +0 robe (worn)
Jewellery
 i - an amulet of magic regeneration
Scrolls
 e - 2 scrolls of teleportation
 h - a scroll of identify
 p - a scroll of amnesia {unknown}
Potions
 f - a potion of brilliance {unknown}
 l - a potion of cancellation {unknown}
 n - a potion of flight
 o - 2 potions of ambrosia {unknown}


   Skills:
 + Level 3.8 Short Blades
 - Level 1.7 Dodging
 - Level 1.7 Stealth
 + Level 4.1 Spellcasting
 * Level 7.0 Conjurations


You had 3 spell levels left.
You knew the following spells:

 Your Spells              Type           Power      Damage    Failure   Level
a - Magic Dart            Conj           100%       1d8       1%          1
b - Searing Ray           Conj           90%        3d6       1%          2
c - Fulminant Prism       Conj/Hex       12%        3d9       17%         4
d - Iskenderun's Mystic   Conj/Tloc      25%        2d7       17%         4

Your spell library contained the following spells:

 Spells                   Type           Power      Damage    Failure   Level
 Dazzling Flash           Conj/Hex       50%        N/A       5%          3
 Summon Small Mammal      Summ           20%        N/A       8%          1
 Call Imp                 Summ           5%         N/A       11%         2
 Call Canine Familiar     Summ           5%         N/A       22%         3
 Summon Guardian Golem    Hex/Summ       5%         N/A       22%         3
 Summon Ice Beast         Ice/Summ       5%         N/A       58%         4
 Summon Lightning Spire   Summ/Air       5%         N/A       58%         4


Dungeon Overview and Level Annotations

Branches:
Dungeon (5/15)
 Temple: D:4-7

Annotations:
D:5 Dowan, Duvessa


Innate Abilities, Weirdness & Mutations

Your attributes grow dramatically as you level up.
You have an increased reservoir of magic. (+10% MP)
You shall have no god before yourself.


Message History

Duvessa is moderately wounded.
The searing ray hits Dowan!
Dowan is severely wounded. (Press . to maintain the ray.) Duvessa barely misses you.
Dowan gestures wildly while chanting.
Dowan blinks!
Duvessa hits you with a +0 rapier of speed!
The searing ray hits Duvessa!
Duvessa is heavily wounded.
An ogre comes into view. It is wielding a +0 giant club.
Dowan casts a spell at you. The puff of frost hits you!
Duvessa hits you with a +0 rapier of speed!
The searing ray hits Duvessa.
Duvessa is severely wounded.
The searing ray hits the ogre!
The ogre is heavily wounded.
Duvessa misses you. Dowan gestures at you while chanting.
You easily resist.
Duvessa says, "When magic and the sword combine, nothing stands against them."
Duvessa hits you with a +0 rapier of speed.
The searing ray hits Duvessa!
Duvessa is almost dead.
The searing ray hits the ogre!
The ogre is almost dead.
You finish channeling your searing ray.
Dowan hits you with a +0 dagger.
Duvessa says, "Where magic fails, the sword succeeds!"
Duvessa hits you with a +0 rapier of speed!
* * * LOW HITPOINT WARNING * * *
Duvessa barely misses you. Dowan hits you with a +0 dagger.
* * * LOW HITPOINT WARNING * * *
Duvessa hits you with a +0 rapier of speed.
* * * LOW HITPOINT WARNING * * *
It was a potion of flight.
You feel very buoyant.
You fly up into the air.
Dowan closely misses you.
Duvessa hits you with a +0 rapier of speed!
You die...

#..#.###.######....#
#...## ##.......##.#
#..## ##.###..##.#
#...## ##.## #..##.#
###..#.###.## #..##.#
........#..# #..##.#
###..###.#.#####..##.#
#..# ###.#....e.##.#
#..# #.#.###@## ##.#
#.# #e# .. #.# #O# ...
..# #.. .... #####


You could see Duvessa, an ogre and Dowan.

Vanquished Creatures
  Sigmund (D:2)
  A water moccasin (D:5)
  A black bear (D:5)
  An ogre (D:4)
  A phantom (D:5)
  A scorpion (D:5)
  A water moccasin zombie (D:5)
  A hound (D:5)
  A gnoll shaman (D:4)
  A centaur skeleton (D:4)
  An iguana (D:4)
  Natasha (D:2)
  An orc wizard (D:3)
  A scorpion zombie (D:5)
  4 gnolls (D:4)
  3 adders
  An adder skeleton (D:4)
  A worm (D:4)
  4 dart slugs
  7 orcs
  4 endoplasms
  4 giant cockroaches
  6 goblins
  5 hobgoblins
  2 quokkas
  3 ball pythons
  2 bats
  8 frilled lizards
  8 kobolds
  11 rats
87 creatures vanquished.

Notes
Turn   | Place    | Note
-------+----------+-------------------------------------------
     0 | D:1      | night the Demigod Conjurer began the quest for the Orb.
     0 | D:1      | Reached XP level 1. HP: 14/14 MP: 5/5
    10 | D:1      | Noticed an electric eel
   311 | D:1      | Reached skill level 2 in Spellcasting
   417 | D:1      | Reached XP level 2. HP: 20/20 MP: 2/7
   420 | D:1      | Learned a level 2 spell: Searing Ray
   662 | D:1      | Reached skill level 4 in Conjurations
  1246 | D:2      | Noticed Sigmund
  1259 | D:2      | Killed Sigmund
  1260 | D:2      | Reached skill level 2 in Short Blades
  1260 | D:2      | Reached skill level 5 in Conjurations
  1260 | D:2      | Reached XP level 3. HP: 26/26 MP: 1/9
  1260 | D:2      | Reached XP level 4. HP: 33/33 MP: 1/11
  1260 | D:2      | Reached XP level 5. HP: 38/38 MP: 1/12
  1669 | D:2      | Noticed Natasha
  1674 | D:2      | Killed Natasha
  3072 | D:4      | Reached XP level 6. HP: 40/45 MP: 4/13
  3093 | D:4      | Learned a level 4 spell: Fulminant Prism
  3098 | D:4      | Learned a level 4 spell: Iskenderun's Mystic Blast
  3364 | D:4      | Reached skill level 6 in Conjurations
  4210 | D:5      | Entered Level 5 of the Dungeon
  4310 | D:5      | Reached XP level 7. HP: 32/50 MP: 8/15
  4755 | D:5      | Reached skill level 7 in Conjurations
  4880 | D:5      | Noticed Duvessa
  4881 | D:5      | Noticed Dowan
  4887 | D:5      | HP: 4/50 [Duvessa/+0 rapier of speed (14)]
  4889 | D:5      | Mangled by Duvessa

Illustrated notes

Levels and vault maps discovered:
D:1:      arrival_aquarium_a, layout_basic, glass_columns_b,
          minmay_misc_feat_columns, minmay_rat_gold_closets
D:2:      layout_basic, uniq_natasha, uniq_sigmund
D:3:      layout_basic, basic_ecumenical_altar
D:4:      layout_loops_ring, grunt_temple_overflow_cloverleaf,
          nicolae_ossuary_entry_plus
D:5:      layout_loops_ring, uniq_ijyb, uniq_duvessa

Skill      XL: |  1  2  3  4  5  6  7 |
---------------+----------------------+-----
Spellcasting   | 2 3 4 |  4.1
Conjurations   | 5 6 7 |  7.0
Short Blades   | 2 3 |  3.8
Dodging        | |  1.7
Stealth        | |  1.7

Action                   |  1- 3 |  4- 6 |  7- 9 || total
-------------------------+-------+-------+-------++-------
Melee: Dagger            |    23 |    27 |     5 ||    55
 Cast: Magic Dart        |    39 |    89 |     3 ||   131
       Searing Ray       |     1 |     8 |     5 ||    14
       Iskenderun's Myst |       |     2 |       ||     2
  Use: Scroll            |     1 |     4 |       ||     5
       Potion            |       |       |     1 ||     1
 Stab: Sleeping          |     2 |     1 |       ||     3
Armor: Robe              |     2 |     1 |     1 ||     4
Dodge: Dodged            |    12 |    15 |    10 ||    37

Table legend: (Time is in decaauts)
 A = Elapsed time spent in this place.
 B = Non-inter-level travel time spent in this place.
 C = Inter-level travel time spent in this place.
 D = Time resting spent in this place.
 E = Time spent auto-exploring this place.
 F = Levels seen in this place.
 G = Mean time per level.
                   A        B        C        D        E       F      G
               +--------+--------+--------+--------+--------+-----+--------+
         Total |   4883 |   4746 |    137 |    638 |   3636 |   5 |  976.6 |
       Dungeon |   4883 |   4746 |    137 |    638 |   3636 |   5 |  976.6 |
               +--------+--------+--------+--------+--------+-----+--------+

Top non-repeatable levels by time:
     D:1: 1224 daAuts
     D:4: 1213 daAuts
     D:3: 908 daAuts
     D:2: 859 daAuts
     D:5: 677 daAuts
